AoeStats
← jaydon9944

Lombardia

508564320Analyzed
2v2 RM · 11d ago on Sep 23, 2026· 36m 22s· 4 players
Game mode
Random Map
Map size
Medium (4 player)
Population
200
Speed
Normal
Resources
Standard
Victory
Conquest
Starting age
Dark Age
Ending age
Imperial Age
RankedLock teamsTeams togetherTeam positionsShared explorationLock speedFull tech treeHidden civsTurbo modeCheats
Victory
Defeat
🇺🇸 Varangians · United States
1154
+17
🇺🇸 Danes · United States
1153
+17
🇺🇸 Shu · United States
1211
-18
🇺🇸 Koreans · United States
1150
-16
jaydon9944
7:05 Loom
10:21 Feudal Age
15:36 Castle Age
13:42 Horse Collar
14:06 Double-Bit Axe
19:03 Bow Saw
24:04 Wheelbarrow
27:35 Heavy Plow
29:41 Scale Mail Armor
29:51 Forging
29:27 Elite Skirmisher
30:17 Padded Archer Armor
32:53 Leather Archer Armor
32:29 Fletching
33:32 Gold Mining
34:41 Bodkin Arrow
34:55 Squires
36:44 Chain Mail Armor
37:05 Iron Casting
36:22 Arson
Monkeykapaa
6:30 Loom
8:48 Feudal Age
9:52 Double-Bit Axe
13:06 Bloodlines
14:30 Horse Collar
16:53 Scale Barding Armor
17:41 Forging
19:56 Wheelbarrow
22:57 Castle Age
21:47 Town Watch
24:05 Chain Barding Armor
23:07 Light Cavalry
24:39 Bow Saw
28:13 Husbandry
29:00 Heavy Plow
29:04 Fletching
30:10 Iron Casting
30:57 Hand Cart
31:41 Gold Mining
34:02 Stone Mining
37:37 Imperial Age
35:06 Fletching
36:23 Bodkin Arrow
Noorda
5:12 Loom
9:26 Feudal Age
10:19 Double-Bit Axe
11:43 Fletching
18:00 Horse Collar
21:30 Castle Age
21:34 Crossbowman
22:14 Bodkin Arrow
27:41 Padded Archer Armor
29:45 Wheelbarrow
29:28 Gold Mining
30:04 Ballistics
30:59 Leather Archer Armor
Angelix
3:12 Loom
10:07 Feudal Age
11:07 Double-Bit Axe
18:52 Fletching
23:40 Castle Age
23:12 Horse Collar
24:18 Pikeman
24:59 Squires
25:03 Scale Mail Armor
26:00 Crossbowman
28:22 Bow Saw
29:22 Heavy Plow
30:57 Chain Mail Armor
33:29 Gold Mining
35:11 Thumb Ring
35:37 Ballistics
Connection lost

Rejoining the realm…

Still unreachable

The connection could not be restored.

Session expired

The server has moved on; the page needs a fresh start.